 Dungeon Sprint DCSS version 0.21.1-1-g345015f (webtiles) character file.

240 Psiloshibe the Carver (level 9, -1/123 HPs)
             Began as a Barachi Berserker on June 10, 2018.
             Was a High Priest of Trog.
             Slain by a giant anaconda (4 damage)
             ... in the Dungeon (Sprint VI: "Thunderdome").
             The game lasted 00:04:44 (620 turns).

Psiloshibe the Carver (Barachi Berserker)            Turns: 620, Time: 00:04:44

Health: -1/123     AC:  5    Str: 30    XL:     9   Next: 9%
Magic:  12/12      EV: 14    Int:  4    God:    Trog [*****.]
Gold:   365        SH:  0    Dex: 14    Spells: 8/8 levels left

rFire    + . .     SeeInvis +   a - +0 falchion
rCold    + + .     Gourm    +   (no shield)
rNeg     . . .     Faith    .   b - +0 animal skin
rPois    .         Spirit   .   (no helmet)
rElec    .         Reflect  .   (no cloak)
rCorr    .         Harm     .   (no gloves)
MR       ++...     NoTele   +   (no boots)
Stlth    ..........             o - amulet "Vyrhuf" {Gourm Str+8 Int-4 Dex+2}
HPRegen  1.30/turn              p - ring of Sess {Wiz +Inv}
MPRegen  0.13/turn              n - ring "Vosche" {rF+ rC++ AC+3 Str-4 SInv}

@: berserking, regenerating, constricted, drained, very quick
A: +LOS, swims, slowness 1, strong legs 1
a: Hop, Berserk, Trog's Hand, Brothers in Arms, Burn Spellbooks, Renounce
Religion, Evoke Invisibility


You were in the Dungeon.
You worshipped Trog.
Trog was extremely pleased with you.
You were not hungry.

You visited 1 branch You collected 500 gold pieces.
You spent 135 gold pieces at shops.

Inventory:

Hand Weapons
 a - a +0 falchion (weapon)
Missiles
 c - 8 silver tomahawks
 q - 6 javelins of penetration (quivered)
Armour
 b - a +0 animal skin (worn)
Jewellery
 n - the ring "Vosche" (right hand) {rF+ rC++ AC+3 Str-4 SInv}
   (You bought it in a shop in the Dungeon)

   [ring of protection]

   It affects your AC (+3).
   It affects your strength (-4).
   It protects you from fire.
   It greatly protects you from cold.
   It lets you see invisible.
 o - the amulet "Vyrhuf" (around neck) {Gourm Str+8 Int-4 Dex+2}
   (You bought it in a shop in the Dungeon)

   [amulet of the gourmand]

   It allows you to eat raw meat even when not hungry.
   It affects your strength (+8).
   It affects your intelligence (-4).
   It affects your dexterity (+2).
 p - the ring of Sess (left hand) {Wiz +Inv}
   (You bought it in a shop in the Dungeon)

   [ring of wizardry]

   It improves your spell success rate.
   It lets you turn invisible.
Wands
 k - a wand of acid (4)
 l - a wand of iceblast (5)
Scrolls
 i - 4 scrolls of blinking
 m - 3 scrolls of fog
Potions
 d - a potion of curing
 e - 4 potions of heal wounds
 f - 4 potions of haste
 g - 2 potions of magic
 h - a potion of berserk rage
 j - a potion of resistance


   Skills:
 + Level 11.8(11.7) Fighting
 + Level 14.4(14.3) Long Blades
 * Level 7.2(7.1) Throwing
 + Level 6.2(6.1) Armour
 + Level 8.7(8.6) Dodging
 + Level 1.6(1.5) Stealth
 + Level 4.0(3.9) Evocations


You had 8 spell levels left.
You didn't know any spells.

Dungeon Overview and Level Annotations

Branches:
Dungeon (1/1)

Altars:
Cheibriados
Dithmenos
Fedhas
Gozag
Kikubaaqudgha
Makhleb
Okawaru
Qazlal
Ru
Sif Muna
Trog
Uskayaw
Vehumet
Wu Jian
Xom
Yredelemnul
Zin
The Shining One
Beogh
Jiyva
Lugonu

Shops:
D *[%??*?*:[((!!!!


Innate Abilities, Weirdness & Mutations

Shadows flee at your approach. (+LOS)
You can swim through water.
You cover ground slowly.
You can hop short distances.


Message History

The giant anaconda bites you.
* * * LOW HITPOINT WARNING * * *
x2 The giant anaconda constricts you.
You hit the giant anaconda.
The giant anaconda is moderately wounded.
The giant anaconda bites you!
* * * LOW HITPOINT WARNING * * *
x2 The giant anaconda constricts you.
You slash the giant anaconda!
The giant anaconda is moderately wounded.
You hit the giant anaconda.
The giant anaconda is moderately wounded.
The giant anaconda barely misses you.
You riposte.
You miss the giant anaconda.
The giant anaconda is moderately wounded.
* * * LOW HITPOINT WARNING * * *
The giant anaconda constricts you.
You hit the giant anaconda.
The giant anaconda is moderately wounded.
The giant anaconda closely misses you.
You die...

#_......._#
#_........#
###.........#
#⌠...........
######.8.........8
##∩___......###....
###∩........8.# #.8..
##.............###....
#⌠...@S.....###...###.
#⌠......[...# #.<.# #.
#⌠..........###...###.
##.............###....
###∩........8.# #.8..
##∩___......###....
######.8.........8
#⌠...........
###.........#


You could see a giant anaconda.

Vanquished Creatures
  A two-headed ogre (D)
  A shining eye (D)
  Sigmund (D)
  2 floating eyes (D)
  An ice beast (D)
  A centaur (D)
  A wight (D)
  A quasit (D)
  2 jellies (D)
  A hound (D)
  An iron imp (D)
  An iguana (D)
  A worker ant (D)
  2 shadow imps (D)
  2 white imps (D)
  An ooze (D)
  An adder skeleton (D)
  An orc (D)
  A jackal (D)
  A quokka (D)
24 creatures vanquished.

Notes
Turn   | Place    | Note
-------+----------+-------------------------------------------
     0 | D        | Psiloshibe the Barachi Berserker began the quest for the Orb.
     0 | D        | Reached XP level 1. HP: 18/18 MP: 1/1
     0 | D        | Found a shimmering altar of Xom.
     3 | D        | Found an opulent altar of Gozag.
     3 | D        | Found an ancient bone altar of Kikubaaqudgha.
     4 | D        | Found a stormy altar of Qazlal.
     4 | D        | Found a glowing silver altar of Zin.
     4 | D        | Found a radiant altar of Vehumet.
     5 | D        | Found a snail-covered altar of Cheibriados.
     5 | D        | Found an ornate altar of the Wu Jian Council.
     5 | D        | Round 1.
     6 | D        | Found Pouptyh's Delicious Food.
     6 | D        | Found a deep blue altar of Sif Muna.
     6 | D        | Found Alintaho's Identification Station.
     6 | D        | Found a bloodstained altar of Trog.
     7 | D        | Found Yhiov's Jewellery.
     7 | D        | Found Xun Xony's Advanced Armour.
     7 | D        | Found a hide-covered altar of Uskayaw.
     7 | D        | Found a roughly hewn altar of Beogh.
     7 | D        | Found a blossoming altar of Fedhas.
    17 | D        | Bought a flickering marble ring for 45 gold pieces
    17 | D        | Bought a sparkling silver amulet for 45 gold pieces
    17 | D        | Bought a heavily runed marble ring for 45 gold pieces
    17 | D        | Identified the amulet "Vyrhuf" {Gourm Str+8 Int-4 Dex+2} (You bought it in a shop in the Dungeon)
    18 | D        | Identified the ring of Sess {Wiz +Inv} (You bought it in a shop in the Dungeon)
    19 | D        | Identified the ring "Vosche" {rF+ rC++ AC+3 Str-4 SInv} (You bought it in a shop in the Dungeon)
    31 | D        | Noticed an iguana
    38 | D        | Killed an iguana
    38 | D        | Reached skill level 5 in Fighting
    38 | D        | Reached skill level 5 in Long Blades
    38 | D        | Reached XP level 2. HP: 27/27 MP: 2/2
    38 | D        | Reached XP level 3. HP: 33/33 MP: 3/3
    44 | D        | Noticed Sigmund
    60 | D        | Killed Sigmund
    60 | D        | Reached ** piety under Trog
    60 | D        | Reached skill level 9 in Long Blades
    60 | D        | Reached skill level 5 in Dodging
    60 | D        | Reached skill level 1 in Evocations
    60 | D        | Reached XP level 4. HP: 10/44 MP: 2/5
    60 | D        | Reached XP level 5. HP: 12/49 MP: 2/6
    76 | D        | Found Xavek's Magic Scroll Shop.
    77 | D        | Found Gilai's Magic Scroll Shop.
    77 | D        | Found Wepsib's Must-Have Magic.
    78 | D        | Found Sakkiacs's Staff Store.
    85 | D        | Found a sacrificial altar of Ru.
    86 | D        | Found an iron altar of Okawaru.
    87 | D        | Found a viscous altar of Jiyva.
    87 | D        | Found a basalt altar of Yredelemnul.
    99 | D        | Reached skill level 5 in Armour
   102 | D        | Found Sobre's Distillery.
   103 | D        | Found Nojuack's Distillery.
   103 | D        | Found Hoevitam's Bottled Wisdom.
   104 | D        | Found Odelol's Do-It-Yourself Clinic.
   110 | D        | Found a burning altar of Makhleb.
   115 | D        | Found a corrupted altar of Lugonu.
   116 | D        | Found Ackuvelo's Weapon Rack.
   116 | D        | Found Duofrip's Basic Armour.
   116 | D        | Found Sepigoan's Miscellaneous Merchandise.
   117 | D        | Found a glowing golden altar of the Shining One.
   117 | D        | Found a shadowy altar of Dithmenos.
   117 | D        | Found Caerapre's Premium Goods.
   123 | D        | Arena points: 5 (+5) [x1]
   136 | D        | Round 2.
   178 | D        | Reached *** piety under Trog
   178 | D        | Reached skill level 1 in Throwing
   178 | D        | Reached XP level 6. HP: 34/57 MP: 7/7
   201 | D        | Reached skill level 10 in Long Blades
   228 | D        | Reached **** piety under Trog
   228 | D        | Arena points: 33 (+28) [x2]
   280 | D        | Round 3.
   305 | D        | HP: 1/58 [acid (9)]
   306 | D        | Received a gift from Trog
   348 | D        | Noticed a floating eye
   360 | D        | Paralysed by a floating eye for 4 turns
   365 | D        | Killed a floating eye
   365 | D        | Reached skill level 11 in Long Blades
   365 | D        | Reached XP level 7. HP: 25/65 MP: 8/8
   388 | D        | Reached skill level 10 in Fighting
   405 | D        | Noticed a shining eye
   413 | D        | Killed a shining eye
   413 | D        | Reached skill level 12 in Long Blades
   413 | D        | Reached skill level 5 in Throwing
   413 | D        | Reached skill level 1 in Stealth
   413 | D        | Reached XP level 8. HP: 61/74 MP: 10/10
   434 | D        | Arena points: 96 (+63) [x3]
   448 | D        | Round 4.
   456 | D        | Received a gift from Trog
   472 | D        | Noticed a two-headed ogre
   483 | D        | Killed a two-headed ogre
   483 | D        | Reached skill level 14 in Long Blades
   530 | D        | Reached ***** piety under Trog
   530 | D        | Reached XP level 9. HP: 55/82 MP: 12/12
   571 | D        | Arena points: 240 (+144) [x4]
   597 | D        | Round 5.
   605 | D        | Noticed a giant anaconda
   617 | D        | HP: 5/123 [giant anaconda (4)]
   620 | D        | Slain by a giant anaconda

Skill      XL: |  1  2  3  4  5  6  7  8 |
---------------+-------------------------+-----
Fighting       | 5 8 9 10 11 | 11.8
Long Blades    | 5 9 11 12 14 | 14.4
Armour         | 3 4 5 6 |  6.2
Dodging        | 3 5 6 7 8 |  8.7
Evocations     | 1 2 3 4 |  4.0
Throwing       | 1 3 5 7 |  7.2
Stealth        | 1 |  1.6

Action                   |  1- 3 |  4- 6 |  7- 9 || total
-------------------------+-------+-------+-------++-------
Melee: Falchion          |    15 |    50 |    48 ||   113
Throw: Javelin           |       |       |     3 ||     3
Invok: Berserk           |     1 |       |     4 ||     5
       Trog's Hand       |       |     2 |     4 ||     6
 Abil: Evoke Invisibilit |     1 |       |       ||     1
Evoke: Wand              |       |     1 |       ||     1
  Eat: Ration            |       |       |     1 ||     1
       Chunk             |       |       |     5 ||     5
Armor: Animal skin       |     4 |     9 |     3 ||    16
Dodge: Dodged            |    15 |    29 |    29 ||    73
       Rpst.: Falchion   |     6 |     7 |     7 ||    20
